 Dungeon Crawl Stone Soup version 0.31-a0-978-g1e143483b6 (webtiles) character file.

Game seed: 10027464349085235241

70881 serber55 the Mimic (level 14, 0/138 HPs)
             Began as a Demonspawn Shapeshifter on Oct 30, 2023.
             Was the Champion of Wu Jian.
             Slain by a sun demon (13 damage)
             ... summoned by an orc high priest
             ... on level 2 of the Orcish Mines.
             The game lasted 01:21:26 (22816 turns).

serber55 the Mimic (Demonspawn Shapeshifter)       Turns: 22816, Time: 01:21:26

Health: 0/138      AC: 17    Str: 29    XL:     14   Next: 95%
Magic:  14/14      EV: 18    Int: 13    God:    Wu Jian [******]
Gold:   2921       SH:  0    Dex: 16    Spells: 13/13 levels left

rFire   . .          .
                       - Unarmed
rCold   . . .        (shield currently unavailable)
rNeg    + + .        D - melded +3 ring mail {Will+}
rPois   .            B - melded +1 helmet
rElec   .            (cloak unavailable)
rCorr   .            (gloves currently unavailable)
SInv    .            O - melded +0 pair of boots
Will    +++..        F - amulet "Koloc" {Faith +Blink rN+}
Stlth   +            P - +6 ring of strength
HPRegen 0.43/turn    R - ring of Satisfaction {Fly rN+ Will+ Dex+3}
MPRegen 0.14/turn

%: faith
@: about to teleport, snake-form, sanguine armoured, in a heavenly storm,
flying, glowing
A: constrict, boosted hp, large, ignite blood 2, sanguine armour 1, demonic
magic 2, (weakness stinger 3), (camouflage 1), strong-willed 1, wild magic 1
a: Begin Untransformation, Renounce Religion, Evoke Blink, Wall Jump, Serpent's
Lash, Heavenly Storm


You were on level 2 of the Orcish Mines.
You worshipped Wu Jian.
Wu Jian was exalted by your worship.
You were an enormous anaconda.
You visited 4 branches of the dungeon, and saw 20 of its levels.
You also visited: Bailey.

You collected 2973 gold pieces.
You spent 52 gold pieces at shops.

Inventory:

Missiles
 j - 24 poisoned darts (quivered)
 y - a throwing net
Armour
 B - a +1 helmet (melded)
 D - a +3 ring mail of willpower (melded)
 O - a +0 pair of boots (melded)
Jewellery
 a - a ring of protection from cold
 q - a ring of poison resistance
 v - the ring of Rofi Nam {rC+ rN+ Str+3 Dex-3}
   (You took it off a kobold on level 3 of the Dungeon)

   [ring of protection from cold]

   Str+3:     It affects your strength (+3).
   Dex-3:     It affects your dexterity (-3).
   rC+:       It protects you from cold.
   rN+:       It protects you from negative energy.
 C - a ring of positive energy
 F - the amulet "Koloc" (around neck) {Faith +Blink rN+}
   (You acquired it in a bailey)

   [amulet of faith]

   Faith:     It allows you to gain divine favour quickly.
   rN+:       It protects you from negative energy.
   +Blink:    It lets you blink.
 P - a +6 ring of strength (left hand)
 R - the ring of Satisfaction (right hand) {Fly rN+ Will+ Dex+3}
   (You acquired it on level 3 of the Lair of Beasts)

   [ring of willpower]

   Dex+3:     It affects your dexterity (+3).
   rN+:       It protects you from negative energy.
   Will+:     It increases your willpower.
   Fly:       It grants you flight.
 T - the ring of Caiteocu {Fire rCorr Dex+3}
   (You found it on level 11 of the Dungeon)

   [ring of fire]

   Fire:      It enhances your fire magic.
   Dex+3:     It affects your dexterity (+3).
   rF+:       It protects you from fire.
   rC-:       It makes you vulnerable to cold.
   rCorr:     It protects you from acid and corrosion.
Talismans
 c - a beast talisman
 d - a flux talisman
 e - a maw talisman
 u - a dragon-blood talisman
 w - a serpent talisman (active)
Wands
 b - a wand of flame (38)
 z - a wand of iceblast (4)
 G - a wand of digging (6)
 M - a wand of paralysis (11)
 N - a wand of light (5)
Scrolls
 f - 3 scrolls of blinking
 g - 4 scrolls of vulnerability
 h - a scroll of revelation
 k - 3 scrolls of fog
 n - 2 scrolls of poison
 p - 3 scrolls of teleportation
 s - a scroll of brand weapon
 E - 2 scrolls of butterflies
 Q - 2 scrolls of fear
Potions
 i - 8 potions of haste
 l - 4 potions of curing
 m - a potion of invisibility
 o - 7 potions of enlightenment
 r - 2 potions of cancellation
 t - 5 potions of attraction
 x - 6 potions of lignification
 A - 2 potions of magic
 H - 2 potions of heal wounds
 I - 4 potions of might
 S - a potion of berserk rage
 U - a potion of resistance
 V - 2 potions of brilliance
Miscellaneous
 J - a tin of tremorstones (2/2)
 K - a sack of spiders


   Skills:
 + Level 12.2 Fighting
 - Level 5.1 Armour
 + Level 10.2 Dodging
 + Level 12.9 Unarmed Combat
 * Level 13.7 Shapeshifting


You had 13 spell levels left.
You didn't know any spells.
Your spell library contained the following spells:

 Spells                   Type           Power      Damage    Failure   Level
 Necrotise                Necr           0%         1d4       38%         1
 Ensorcelled Hibernation  Hex/Ice        0%         N/A       52%         2
 Jinxbite                 Hex            0%         N/A       52%         2
 Sublimation of Blood     Necr           0%         N/A       52%         2
 Wereblood                Tmut           0%         N/A       52%         2
 Inner Flame              Hex/Fire       0%         N/A       75%         3
 Vampiric Draining        Necr           0%         2d6       75%         3
 Anguish                  Hex/Necr       0%         N/A       98%         4
 Flame Wave               Conj/Fire      0%         2d4       98%         4
 Sticky Flame             Conj/Fire      0%         2d3       98%         4
 Vhi's Electric Charge    Tloc/Air       0%         N/A       98%         4
 Agony                    Necr           0%         N/A       100%        5
 Arcjolt                  Conj/Air       0%         1d10      100%        5
 Irradiate                Conj/Tmut      0%         3d11      100%        5
 Summon Forest            Summ/Tloc      0%         N/A       100%        5
 Eringya's Noxious Bog    Tmut/Pois      0%         4d6       100%        6
 Plasma Beam              Fire/Air       0%         2x1d10    100%        6
 Summon Hydra             Summ           0%         N/A       100%        7


Dungeon Overview and Level Annotations

Branches:
Dungeon (12/15)            Temple (1/1) D:4            Lair (5/5) D:9
  Swamp (0/4) Lair:2       Spider (0/4) Lair:2        Slime (0/5) Lair:4
    Orc (2/2) D:12            Elf (0/3) Orc:2        Bailey (visited)

Altars:
Ashenzari
Cheibriados
Dithmenos
Fedhas
Gozag
Hepliaklqana
Kikubaaqudgha
Makhleb
Nemelex Xobeh
Okawaru
Qazlal
Ru
Sif Muna
Trog
Uskayaw
Vehumet
Wu Jian
Xom
Yredelemnul

Shops:
D:3 :   D:6 *   D:9 (


Innate Abilities, Weirdness & Mutations

You are an enormous anaconda.
You have a powerful constriction melee attack.
Your maximum health is increased.
Your armour is entirely melded.
You are incapable of wielding weapons or throwing items.
Your demonic aura often causes spilled blood to erupt in flames.
When seriously injured, your blood forms armour. (AC +6)
Spells you cast may paralyse nearby enemies.
((You have a sharp stinger which inflicts weakening toxins.))
((Your skin changes colour to match your surroundings (Stealth+).))
You are strong-willed. (Will+)
Your spells are a little harder to cast, but a little more powerful.


Message History

Unknown command.
You body-slam the orc knight!!
The orc knight is heavily wounded.
You constrict the orc knight. The sun demon completely misses you.
The soul eater barely misses you.
The red devil hits you but does no damage.
The orc knight completely misses you.
The orc warrior is engulfed in blazing flames.
The orc high priest is engulfed in blazing flames.
The orc high priest barely misses you.
The orc sorcerer mumbles some strange words.
The orange demon screeches!
You hit the orc knight.
The orc knight is heavily wounded.
You constrict the orc knight, but do no damage.
The sun demon hits you.
You are engulfed in flames!
* * * LOW HITPOINT WARNING * * *
The soul eater closely misses you.
The red devil hits you but does no damage.
As you read the scroll of teleportation, it crumbles to dust.
You feel strangely unstable.
You constrict the orc knight.
The orc high priest is engulfed in blazing flames.
The orc high priest misses you. The orc knight closely misses you.
The orc warrior is engulfed in blazing flames.
The orc sorcerer hits you but does no damage.
The sun demon closely misses you. The soul eater hits you!
* * * LOW HITPOINT WARNING * * *
The red devil hits you but does no damage.
You release your grip on the orc knight.
You spin and attack the soul eater.
You hit the soul eater. You grab the soul eater.
The soul eater is lightly wounded.
You constrict the soul eater, but do no damage.
The soul eater hits you.
* * * LOW HITPOINT WARNING * * *
You release your grip on the soul eater.
The sun demon hits you!
* * * LOW HITPOINT WARNING * * *
You are engulfed in flames!
You die...

#...÷..÷.# #....#..#.....
#.....÷..# #...)..).#....
#....°..÷###.......###...
#.....o...##.....### ##.#
#÷.÷44ooo4##....## ###
#..ooooo##....## #..☼o####...##
### #.☼○°3##☼...#
##.#####°○3S☼§..####
####...#.###§☼§☼§.##..##
##.#...#...####§☼§###...#
##...#.#.#.#.#######.....##
.##.##........##..........#
.........#...#.#.........##
.#...#............#.....#.##
...............#.#.....#...####
.........#.................##.###


You could see an orc knight (strong), a soul eater (summoned) and a sun demon
(summoned).

Vanquished Creatures
  An orc warlord (Bailey)
  A dire elephant (Lair:3)
  The ghost of sammy202020 the Protected, a journeyman AtBe of Trog (D:11)
  A hydra (Lair:4)
  3 boulder beetles
  A ghost crab (Lair:2)
  12 death yaks
  4 two-headed ogres
  Urug (Orc:2)
  The ghost of RepHenryClay the Spry, a journeyman DEVM of Vehumet (Orc:1)
  2 orc high priests (Orc:2)
  2 skysharks
  2 goliath frogs (Lair:5)
  A fire crab (Lair:5)
  A lindwurm (Lair:3)
  4 orc knights
  A deep elf pyromancer (D:12)
  2 orc sorcerers
  A manticore (D:11)
  2 cyclopes
  4 black mambas
  10 elephants
  Joseph (D:9)
  2 torpor snails
  22 cane toads
  9 komodo dragons
  3 rime drakes
  4 kobold demonologists
  2 trolls (Orc:2)
  2 tyrant leeches (Lair:5)
  2 polar bears
  A hornet (Lair:1)
  20 blink frogs
  3 centaur simulacra (D:11)
  8 wyverns
  51 yaks
  A spectral komodo dragon (Lair:2)
  A wraith (D:10)
  3 basilisks
  12 vampire mosquitoes
  A steam dragon (D:8)
  Menkaure (D:4)
  A warg (Orc:1)
  2 spectral cane toads (Lair:2)
  2 acid dragons
  23 water moccasins
  A sky beast (D:7)
  A black bear (Lair:1)
  7 ice beasts
  25 orc warriors
  17 wolves
  4 centaurs
  8 ogres
  3 phantoms
  A spectral basilisk (Lair:2)
  3 kobold brigands
  Blork the orc (D:6)
  19 bullfrogs
  5 scorpions
  3 gnoll sergeants
  A spectral warg (Orc:1)
  24 wights
  11 killer bees
  2 orc simulacra (Orc:1)
  3 electric eels
  A howler monkey (D:10)
  A lava snake (D:9)
  A hound (D:5)
  A jelly (D:5)
  15 orc priests
  3 gnoll boudas
  9 iguanas
  20 orc wizards
  3 spectral orcs (Orc:1)
  33 gnolls
  An ogre simulacrum (Orc:1)
  12 adders
  A shadow imp (D:8)
  5 white imps
  2 ufetubi (D:7)
  4 worms
  A dart slug (D:2)
  73 orcs
  4 endoplasms
  7 giant cockroaches
  13 goblins
  19 hobgoblins
  12 kobolds
  3 quokkas
  3 training dummies (D:9)
  8 ball pythons
  7 bats
  7 frilled lizards
  3 goblin skeletons (D:8)
  A goblin zombie (D:8)
  5 hobgoblin zombies (D:8)
  A kobold skeleton (D:8)
  2 orc skeletons (D:8)
  An orc zombie (D:8)
  7 rats
663 creatures vanquished.

Notes
Turn   | Place    | Note
-------+----------+-------------------------------------------
     0 | D:1      | serber55 the Demonspawn Shapeshifter began the quest for
                  | the Orb.
     0 | D:1      | Reached XP level 1. HP: 15/15 MP: 1/1
    74 | D:1      | Gained mutation: Your demonic aura sometimes causes spilled
                  | blood to erupt in flames. [demonic ancestry]
    74 | D:1      | Reached XP level 2. HP: 16/21 MP: 2/2
   649 | D:2      | Gained mutation: Your demonic aura often causes spilled
                  | blood to erupt in flames. [demonic ancestry]
   649 | D:2      | Reached XP level 3. HP: 26/26 MP: 3/3
   733 | D:2      | Reached skill level 3 in Shapeshifting
   804 | D:2      | Found a faded altar of an unknown god.
   973 | D:2      | Reached XP level 4. HP: 33/33 MP: 4/4
  1217 | D:3      | Found Baxar's Book Shop.
  1325 | D:3      | Gained mutation: When seriously injured, your blood forms
                  | armour. (AC +6) [demonic ancestry]
  1325 | D:3      | Reached XP level 5. HP: 38/38 MP: 5/5
  1538 | D:3      | Identified the ring of Rofi Nam {rC+ rN+ Str+3 Dex-3}
  1929 | D:4      | Reached XP level 6. HP: 32/46 MP: 6/6
  1962 | D:4      | Found a staircase to the Ecumenical Temple.
  1970 | Temple   | Entered the Ecumenical Temple
  2015 | Temple   | Became a worshipper of the Wu Jian Council
  2279 | D:4      | Noticed Menkaure
  2289 | D:4      | Killed Menkaure
  2290 | D:4      | Reached skill level 5 in Unarmed Combat
  2290 | D:4      | Reached XP level 7. HP: 52/52 MP: 7/7
  2705 | D:5      | Entered Level 5 of the Dungeon
  2839 | D:5      | Reached skill level 4 in Shapeshifting
  2915 | D:5      | Found a shimmering altar of Xom.
  3037 | D:5      | Gained mutation: Spells you cast may paralyse adjacent
                  | enemies. [demonic ancestry]
  3037 | D:5      | Reached XP level 8. HP: 58/60 MP: 8/8
  3245 | D:5      | Reached * piety under Wu Jian
  3435 | D:5      | Gained mutation: You are strong-willed. (Will+) [potion of
                  | mutation]
  3435 | D:5      | Gained mutation: Your skin changes colour to match your
                  | surroundings (Stealth+). [potion of mutation]
  3435 | D:5      | Gained mutation: Your spells are a little harder to cast,
                  | but a little more powerful. [potion of mutation]
  3561 | D:6      | Found Juec Vuna's Serpentskin Sales.
  3575 | D:6      | Bought a scroll of poison for 52 gold pieces
  3800 | D:5      | Reached skill level 5 in Fighting
  3908 | D:6      | Reached skill level 5 in Shapeshifting
  3979 | D:6      | Reached skill level 5 in Dodging
  3988 | D:6      | Gained mutation: You have a small tail. [demonic ancestry]
  3988 | D:6      | Reached XP level 9. HP: 59/68 MP: 9/9
  4017 | D:6      | Reached ** piety under Wu Jian
  4021 | D:6      | Reached skill level 1 in Armour
  4551 | D:6      | Noticed Blork the orc
  4562 | D:6      | Killed Blork the orc
  4722 | D:6      | Noticed a cyclops
  4780 | D:6      | Killed a cyclops
  5517 | D:7      | Found a blossoming altar of Fedhas.
  5606 | D:7      | Found a shadowy altar of Dithmenos.
  5690 | D:7      | Noticed a kobold demonologist
  5700 | D:7      | Killed a kobold demonologist
  5701 | D:7      | Reached skill level 6 in Shapeshifting
  5703 | D:7      | Gained mutation: You have a tail ending in a sharp stinger.
                  | [demonic ancestry]
  5703 | D:7      | Reached XP level 10. HP: 71/77 MP: 10/10
  6340 | D:8      | Reached *** piety under Wu Jian
  6623 | D:8      | Found a sacrificial altar of Ru.
  6790 | D:8      | Reached skill level 7 in Shapeshifting
  7114 | D:9      | Noticed Joseph
  7125 | D:9      | Killed Joseph
  7148 | D:9      | Found a staircase to the Lair.
  7221 | D:9      | Noticed a two-headed ogre
  7229 | D:9      | Killed a two-headed ogre
  7372 | D:9      | Found an ancient bone altar of Kikubaaqudgha.
  7404 | D:9      | Found a burning altar of Makhleb.
  7464 | D:9      | Noticed a two-headed ogre
  7484 | D:9      | Killed a two-headed ogre
  7702 | D:9      | Found Jate's Firing Range.
  8288 | D:10     | Entered Level 10 of the Dungeon
  8348 | D:10     | Reached XP level 11. HP: 67/84 MP: 11/11
  8410 | D:10     | Reached skill level 5 in Armour
  8421 | D:10     | Reached skill level 8 in Shapeshifting
  8423 | D:10     | Reached **** piety under Wu Jian
  8594 | D:10     | Found a flagged portal.
  8603 | Bailey   | Entered a bailey
  8718 | Bailey   | Noticed an orc knight
  8736 | Bailey   | Killed an orc knight
  8779 | Bailey   | Noticed an orc warlord
  8799 | Bailey   | Killed an orc warlord
  8886 | Bailey   | Identified 3 scrolls of acquirement
  8886 | Bailey   | Acquired 1009 gold pieces
  8888 | Bailey   | Acquired the scarf of the Grim God {+Inv, Int+3}
  8904 | Bailey   | Acquired the amulet "Koloc" {Faith +Blink rN+}
  9098 | Bailey   | Acquired the +2 cloak of the Thief {*Fog Slay-2 SInv
                  | Stlth+}
  9098 | Bailey   | Found the +2 cloak of the Thief {*Fog Slay-2 SInv Stlth+}
  9162 | D:10     | Reached ***** piety under Wu Jian
  9379 | D:10     | Reached skill level 10 in Unarmed Combat
  9703 | D:14     | Identified the "Pyzxe"
  9703 | Lair:1   | Entered Level 1 of the Lair of Beasts
  9896 | Lair:1   | Reached skill level 9 in Shapeshifting
 11123 | Lair:2   | Found a hole to the Spider Nest.
 11124 | Lair:2   | You fall into a shaft and drop 2 floors!
 11150 | Lair:4   | Gained mutation: Spells you cast may paralyse nearby
                  | enemies. [demonic ancestry]
 11150 | Lair:4   | Reached XP level 12. HP: 69/94 MP: 12/12
 11226 | Lair:4   | Found a runed translucent door.
 11230 | Lair:4   | Noticed a seven-headed hydra
 11880 | Lair:2   | Reached skill level 10 in Shapeshifting
 12602 | Lair:2   | Found a staircase to the Swamp.
 12602 | Lair:2   | Noticed a ghost crab
 12836 | Lair:2   | Killed a ghost crab
 13256 | Lair:3   | Acquired the ring of Satisfaction {Fly rN+ Will+ Dex+3}
 13533 | Lair:3   | Noticed a boulder beetle
 13548 | Lair:3   | Killed a boulder beetle
 13699 | Lair:3   | Noticed a boulder beetle
 13711 | Lair:3   | Killed a boulder beetle
 13712 | Lair:3   | Reached skill level 10 in Fighting
 13777 | Lair:3   | Reached skill level 11 in Shapeshifting
 13787 | Lair:3   | Noticed a death yak
 13812 | Lair:3   | Killed a death yak
 13816 | Lair:3   | Gained mutation: You have a sharp stinger which inflicts
                  | weakening toxins. [demonic ancestry]
 13816 | Lair:3   | Reached XP level 13. HP: 61/103 MP: 13/13
 14679 | Lair:3   | Noticed a dire elephant
 14702 | Lair:3   | Found a runed translucent door.
 14956 | Lair:3   | Killed a dire elephant
 15264 | Lair:3   | Identified the +9 quarterstaff "Uleavak" {venom, *Corrode
                  | Str+3 Int+8}
 15540 | Lair:4   | Identified the +2 plate armour of Noxious Freedom {SInv}
 15782 | Lair:4   | Found a staircase to the Slime Pits.
 16278 | Lair:5   | Entered Level 5 of the Lair of Beasts
 16628 | Lair:5   | Reached ****** piety under Wu Jian
 16642 | Lair:5   | Reached skill level 12 in Shapeshifting
 17050 | Lair:5   | Reached XP level 14. HP: 36/113 MP: 14/14
 17753 | Lair:5   | Identified the +3 war axe of Coxutz {pain, Str+3 Stlth+}
 17754 | Lair:5   | Identified the +1 hand axe of Etesmitt {heavy, rElec rF+
                  | rC+}
 18036 | Lair:5   | Found a shimmering altar of Xom.
 18305 | Lair:5   | Reached skill level 13 in Shapeshifting
 18973 | D:11     | Noticed sammy202020's ghost (journeyman AtBe)
 19108 | D:11     | Found a runed translucent gate.
 19108 | D:11     | Found a runed translucent gate.
 19108 | D:11     | Found a runed translucent gate.
 19842 | D:11     | Killed sammy202020's ghost
 20063 | D:11     | Got the ring of Caiteocu {Fire rCorr Dex+3}
 20786 | D:12     | Found a staircase to the Orcish Mines.
 21462 | Orc:1    | Entered Level 1 of the Orcish Mines
 21635 | Orc:1    | Reached skill level 10 in Dodging
 21980 | Orc:1    | Found a runed translucent gate.
 21980 | Orc:1    | Found a runed translucent gate.
 21980 | Orc:1    | Found a runed translucent gate.
 21981 | Orc:1    | Noticed RepHenryClay's ghost (journeyman DEVM)
 22012 | Orc:1    | Killed RepHenryClay's ghost
 22090 | Orc:2    | Entered Level 2 of the Orcish Mines
 22294 | Orc:2    | Noticed Urug
 22317 | Orc:2    | Killed Urug
 22555 | Orc:2    | Found a staircase to the Elven Halls.
 22816 | Orc:2    | Slain by a sun demon

Illustrated notes

Levels and vault maps discovered:
D:1:      lightli_arrival_maybe_door_vault, layout_rooms
D:2:      minmay_spotlight, layout_rooms, hellmonk_ecumenical_altar_lost_god
D:3:      layout_rooms, serial_shops, nicolae_book_shop_shelving, minivault_14
D:4:      kennysheep_spiral_hall, layout_basic,
          minmay_temple_entry_gardened_gates, chequers_serial_rivers_micro_b,
          eino_tiny_chamber, uniq_menkaure
D:5:      layout_basic, mainiacjoe_overflow_24_doors
D:6:      layout_loops_ring, grunt_ministairs_3, minmay_misc_feat_encased,
          minmay_misc_feat_more_columns, roderic_serpentine_path,
          guppyfry_shop_venom, uniq_blork_the_orc
D:7:      layout_layer_cave, mainiacjoe_overflow_big_doors
D:8:      layout_rooms, nicolae_tso_besieged_by_evil, hangedman_ru_absence,
          dk_noncrumbling_2
D:9:      layout_loops_ring, nicolae_overflow_crystal_walls,
          mainiacjoe_overflow_catch_the_wave, dpeg_oklobed_lair,
          serial_co_window_serial, co_window_cross_1,
          co_window_of_opportunity_a, co_window_corner_a, co_window_paths_a,
          co_window_corner_a, co_window_paths_b, co_window_cross_4,
          co_window_paths_c, co_window_of_opportunity_c, co_window_corner_b,
          co_window_cross_2, glass_columns_b, glass_columns_a,
          nicolae_shop_firing_range, uniq_joseph
D:10:     layout_long_grid, enter_bailey_2, minmay_lizard_king
D:11:     layout_stronghold, gammafunk_ghost_icy, skrybe_limestone_x
D:12:     layout_long_grid, orc_0_dummy
Temple:   zaba_magenta_temple
Lair:1:   layout_loops_ring
Lair:2:   layout_roguey, nicolae_swamp_entry_spooky,
          nicolae_spider_entry_non_spiders
Lair:3:   gammafunk_lair_enchanted_lake, layout_cave_pods
Lair:4:   layout_loops_ring, slime_entry_1, st_stairs_7, nicolae_lair_lil_pond,
          pf_torpor_hydra, grunt_megastairs_5
Lair:5:   minmay_lair_end_frog_pond, layout_regular_city, basic_altar,
          st_stairs_10
Orc:1:    layout_caves, basic_altar, gammafunk_ghost_necromancy
Orc:2:    grunt_orc_tribal_feast, layout_caves, special_room, uniq_urug

Skill      XL: |  1  2  3  4  5  6  7  8  9 10 11 12 13 14 |
---------------+-------------------------------------------+-----
Unarmed Combat | 3 4 5 6 7 8 9 10 11 12 | 12.9
Dodging        | 2 3 4 5 6 7 9 10 | 10.2
Shapeshifting  | 3 4 5 6 7 9 11 12 13 | 13.7
Fighting       | 2 3 4 5 6 7 8 10 11 12 | 12.2
Armour         | 3 4 5 |  5.1

Action                     |  1- 3 |  4- 6 |  7- 9 | 10-12 | 13-15 || total
---------------------------+-------+-------+-------+-------+-------++-------
  Melee: Unarmed           |   125 |   139 |   326 |   748 |   806 ||  2144
         Punch             |     2 |     5 |    16 |     5 |       ||    28
         Tailslap          |       |       |    17 |   155 |   104 ||   276
         Constrict         |       |       |       |     1 |    83 ||    84
  Throw: Dart              |       |     2 |     3 |       |       ||     5
 Invoke: Serpent's Lash    |       |       |       |     3 |     5 ||     8
         Heavenly Storm    |       |       |       |       |     2 ||     2
Ability: Begin Untransform |     1 |       |       |       |       ||     1
         Lunge             |       |     2 |    18 |    39 |    62 ||   121
         Whirlwind         |       |       |     2 |     8 |     8 ||    18
         Wall Jump         |       |       |       |     1 |       ||     1
  Evoke: Wand              |       |       |     3 |     4 |     3 ||    10
    Use: Potion            |       |     1 |     1 |     1 |     2 ||     5
         Scroll            |       |       |    19 |    15 |     4 ||    38
   Stab: Sleeping          |       |       |     1 |     2 |     1 ||     4
         Distracted        |       |       |     1 |     1 |     1 ||     3
 Armour: Animal skin       |    69 |    29 |       |       |       ||    98
         Ring mail         |       |    34 |   178 |   422 |   251 ||   885
         Skin              |       |     4 |       |     3 |   173 ||   180
         Steam dragon scal |       |       |       |    20 |       ||    20
  Dodge: Dodged            |   105 |    61 |   170 |   331 |   407 ||  1074
   Form: Beast             |     1 |       |       |     1 |       ||     2
         Flux              |       |       |       |     3 |       ||     3
         Anaconda          |       |       |       |     1 |     1 ||     2
         Maw               |       |       |       |     1 |       ||     1

Table legend: (Time is in decaauts)
 A = Elapsed time spent in this place.
 B = Non-inter-level travel time spent in this place.
 C = Inter-level travel time spent in this place.
 D = Time resting spent in this place.
 E = Time spent auto-exploring this place.
 F = Levels seen in this place.
 G = Mean time per level.
                   A        B        C        D        E       F      G
               +--------+--------+--------+--------+--------+-----+--------+
         Total |  22493 |  21600 |    893 |   5149 |  12092 |  21 | 1071.1 |
       Dungeon |  11653 |  11100 |    553 |   1835 |   7078 |  12 |  971.1 |
        Temple |     62 |     46 |     16 |     11 |      0 |   1 |   62.0 |
          Lair |   8942 |   8657 |    285 |   2984 |   4118 |   5 | 1788.4 |
  Orcish Mines |   1312 |   1274 |     38 |    186 |    812 |   2 |  656.0 |
        Bailey |    521 |    521 |      0 |    131 |     84 |   1 |  521.0 |
               +--------+--------+--------+--------+--------+-----+--------+

Top non-repeatable levels by time:
  Lair:5: 2336 daAuts
  Lair:3: 2212 daAuts
  Lair:2: 1615 daAuts
    D:11: 1455 daAuts
  Lair:1: 1397 daAuts
  Lair:4: 1380 daAuts
     D:7: 1281 daAuts
     D:9: 1252 daAuts
     D:6: 1162 daAuts
    D:12: 1157 daAuts
     D:5: 918 daAuts
     D:8: 902 daAuts
    D:10: 859 daAuts
     D:4: 824 daAuts
   Orc:2: 696 daAuts
